| TOP OF THE 1ST |
|
Watertown Bucks batting - Pitching for Huron Cubs : RHP Rich N Thompson
|
|
Pitching: RHP Rich N Thompson
|
|
|
Batting: SHB Luis Rivera
|
0-0: Foul Ball, location: 2F 0-1: Ball 1-1: Swinging Strike 1-2: Foul Ball, location: 2F 1-2: Reached on error, E4 (Groundball, 4, EV 107.5 MPH)
|
|
Batting: RHB Robert Tanzi
|
0-0: Ball 1-0: Swinging Strike 1-1: 2-RUN HOME RUN (Flyball, 78XD, EV 100.6 MPH), Distance : 410 ft
|
|
Batting: LHB Bryan Neal
|
0-0: Called Strike 0-1: Ball 1-1: Ball 2-1: Ball 3-1: Base on Balls
|
|
Batting: RHB Richard Plautz
|
0-0: Foul Ball, location: 2F 0-1: Called Strike 0-2: Ball 1-2: Ball 2-2: Ball Wild Pitch! Bryan Neal to second 3-2: Fly out, F9 (Line Drive, 9, EV 97.5 MPH)
|
|
Batting: LHB Greg Guin
|
0-0: Ball 1-0: Ball 2-0: Swinging Strike 2-1: Ball 3-1: Base on Balls
|
|
Batting: RHB Eugene Cattane
|
0-0: SINGLE (Line Drive, 89S, EV 110.6 MPH) Bryan Neal to third Greg Guin to second
|
|
Batting: LHB Manuel Vigil
|
0-0: SINGLE (Flyball, 6MD, EV 82.5 MPH) Bryan Neal scores Greg Guin to third Eugene Cattane to second
|
|
Batting: RHB Sebastiano Borriello
|
0-0: Ball 1-0: Foul Ball, location: 2F 1-1: Ball 2-1: Called Strike 2-2: Ball 3-2: Hit by Pitch Greg Guin scores Eugene Cattane to third Manuel Vigil to second
|
|
Batting: RHB Thomas Dimino
|
0-0: Ball 1-0: Called Strike 1-1: Ball 2-1: Ball 3-1: SINGLE (Line Drive, 6MD, EV 100.0 MPH) Eugene Cattane scores Manuel Vigil to third Sebastiano Borriello to second Runner from 3rd tries for Home, SAFE, throw by CF to home
|
|
Batting: SHB Luis Rivera
|
0-0: Ground out 6-3 (Groundball, 6S, EV 71.9 MPH) Sebastiano Borriello to third Thomas Dimino to second
|
|
Batting: RHB Robert Tanzi
|
0-0: SINGLE (Groundball, 3D, EV 108.1 MPH) Sebastiano Borriello scores Thomas Dimino to third Runner from 3rd tries for Home, SAFE, throw by RF to home
|
|
Pitching: RHP Jose Lopez
|
|
|
Batting: LHB Bryan Neal
|
0-0: Called Strike 0-1: DOUBLE (Line Drive, 89D, EV 111.3 MPH) Robert Tanzi to third Runner from 3rd tries for Home, SAFE, throw by RF to home
|
|
Batting: RHB Richard Plautz
|
0-0: Called Strike 0-1: Called Strike 0-2: Strikes out swinging
|
| Top of the 1st over - 9 runs, 6 hits, 1 error, 1 left on base; Watertown 9 - Huron 0 |
| BOTTOM OF THE 1ST |
|
Huron Cubs batting - Pitching for Watertown Bucks : RHP Jose Vasquez
|
|
Pitching: RHP Jose Vasquez
|
|
|
Batting: LHB Gary Varsho
|
0-0: DOUBLE (Flyball, 78D, EV 93.1 MPH)
|
|
Batting: RHB Greg Zunino
|
0-0: Foul Ball, location: 2F 0-1: Ball 1-1: Swinging Strike 1-2: Ball 2-2: Strikes out swinging
|
|
Batting: RHB Mark Carreon
|
0-0: Ball Wild Pitch! Gary Varsho to third 1-0: Fly out, F7 (Flyball, 7D, EV 93.8 MPH) Runner from 3rd tags up, SCORES, no throw by LF
|
|
Batting: RHB John Alvarez
|
0-0: Called Strike 0-1: Ball 1-1: Ground out 5-3 (Groundball, 56S, EV 86.3 MPH)
|
| Bottom of the 1st over - 1 run, 1 hit, 0 errors, 0 left on base; Watertown 9 - Huron 1 |
| TOP OF THE 2ND |
|
Watertown Bucks batting - Pitching for Huron Cubs : RHP Jose Lopez
|
|
Batting: LHB Greg Guin
|
0-0: Ball 1-0: SINGLE (Flyball, 78S, EV 93.8 MPH)
|
|
Batting: RHB Eugene Cattane
|
0-0: Ball 1-0: Called Strike 1-1: Called Strike 1-2: Ball 2-2: Ball 3-2: Strikes out looking
|
|
Batting: LHB Manuel Vigil
|
0-0: Ball 1-0: Called Strike 1-1: Foul Ball, location: 2F 1-2: Ball 2-2: Strikes out swinging
|
|
Batting: RHB Sebastiano Borriello
|
0-0: Ball 1-0: Called Strike 1-1: Called Strike 1-2: Strikes out looking
|
| Top of the 2nd over - 0 runs, 1 hit, 0 errors, 1 left on base; Watertown 9 - Huron 1 |
| BOTTOM OF THE 2ND |
|
Huron Cubs batting - Pitching for Watertown Bucks : RHP Jose Vasquez
|
|
Batting: LHB Willis Gonzalez
|
0-0: Ball 1-0: Ball 2-0: Called Strike 2-1: Foul Ball, location: 2F 2-2: Ball 3-2: Foul Ball, location: 2F 3-2: Foul Ball, location: 2F 3-2: Base on Balls
|
|
Batting: RHB Mike Stellern
|
0-0: Called Strike 0-1: Foul Ball, location: 2F 0-2: Ground out 4-3 (Groundball, 4S, EV 61.9 MPH) Willis Gonzalez to second
|
|
Batting: RHB Ray Ortega
|
0-0: Ball 1-0: Ball 2-0: Ball 3-0: Called Strike 3-1: Base on Balls
|
|
Batting: SHB Keith Smith
|
0-0: Ball 1-0: Ball 2-0: Ball 3-0: Called Strike 3-1: Called Strike 3-2: Reached on error, E4 (Groundball, 4, EV 102.5 MPH) Willis Gonzalez to third Ray Ortega to second
|
|
Batting: RHB Scot Holliday
|
0-0: Foul Ball, location: 2F 0-1: Foul Ball, location: 2F 0-2: Ball 1-2: Ball 2-2: Foul Ball, location: 2F 2-2: Ball 3-2: SINGLE (Groundball, 56S, EV 65.0 MPH) (infield hit) Willis Gonzalez scores Ray Ortega to third Keith Smith to second
|
|
Batting: LHB Gary Varsho
|
0-0: Ball 1-0: Called Strike 1-1: Called Strike 1-2: Strikes out swinging
|
|
Batting: RHB Greg Zunino
|
0-0: Ball 1-0: Swinging Strike 1-1: Foul Ball, location: 2F 1-2: Fly out, F7 (Flyball, 78S, EV 82.5 MPH)
|
| Bottom of the 2nd over - 1 run, 1 hit, 1 error, 3 left on base; Watertown 9 - Huron 2 |
| TOP OF THE 3RD |
|
Watertown Bucks batting - Pitching for Huron Cubs : RHP Jose Lopez
|
|
Batting: RHB Thomas Dimino
|
0-0: Ball 1-0: Foul Ball, location: 2F 1-1: Foul Ball, location: 2F 1-2: Foul Ball, location: 2F 1-2: Ball 2-2: Strikes out swinging
|
|
Batting: SHB Luis Rivera
|
0-0: Called Strike 0-1: Fly out, F1 (Line Drive, P, EV 63.1 MPH)
|
|
Batting: RHB Robert Tanzi
|
0-0: Ball 1-0: Called Strike 1-1: Ball 2-1: Fly out, F9 (Line Drive, 9, EV 103.1 MPH)
|
| Top of the 3rd over - 0 runs, 0 hits, 0 errors, 0 left on base; Watertown 9 - Huron 2 |
| BOTTOM OF THE 3RD |
|
Huron Cubs batting - Pitching for Watertown Bucks : RHP Jose Vasquez
|
|
Batting: RHB Mark Carreon
|
0-0: Ball 1-0: SINGLE (Line Drive, 4D, EV 95.0 MPH)
|
|
Batting: RHB John Alvarez
|
0-0: Ball 1-0: Foul Ball, location: 2F 1-1: SINGLE (Groundball, 56D, EV 108.1 MPH) Mark Carreon to second
|
|
Pitching: LHP Kenneth Likewise
|
|
|
Batting: LHB Willis Gonzalez
|
0-0: Fly out, F7 (Flyball, 78D, EV 88.1 MPH)
|
|
Batting: RHB Mike Stellern
|
0-0: Called Strike 0-1: Foul Ball, location: 2F 0-2: Grounds into double play, 6-4-3 (Groundball, 6, EV 83.1 MPH)
|
| Bottom of the 3rd over - 0 runs, 2 hits, 0 errors, 1 left on base; Watertown 9 - Huron 2 |
| TOP OF THE 4TH |
|
Watertown Bucks batting - Pitching for Huron Cubs : RHP Jose Lopez
|
|
Batting: LHB Bryan Neal
|
0-0: Called Strike 0-1: Foul Ball, location: 2F 0-2: Foul Ball, location: 2F 0-2: Ball 1-2: Ball 2-2: Ground out 4-3 (Groundball, 4S, EV 87.5 MPH)
|
|
Batting: RHB Richard Plautz
|
0-0: Ball 1-0: Called Strike 1-1: Called Strike 1-2: Fly out, F4 (Line Drive, 4, EV 70.6 MPH)
|
|
Batting: LHB Greg Guin
|
0-0: Ball 1-0: Ball 2-0: Ball 3-0: Base on Balls
|
|
Batting: RHB Eugene Cattane
|
0-0: Foul Ball, location: 2F 0-1: SINGLE (Groundball, 4D, EV 101.9 MPH) Greg Guin to second
|
|
Batting: LHB Manuel Vigil
|
0-0: Ball 1-0: Ball 2-0: Ball 3-0: Called Strike 3-1: Base on Balls Greg Guin to third Eugene Cattane to second
|
|
Batting: RHB Sebastiano Borriello
|
0-0: Ball 1-0: Ball 2-0: Foul Ball, location: 2F 2-1: Ball 3-1: Called Strike 3-2: Foul Ball, location: 2F 3-2: Base on Balls Greg Guin scores Eugene Cattane to third Manuel Vigil to second
|
|
Batting: RHB Thomas Dimino
|
0-0: Foul Ball, location: 2F 0-1: Fielders Choice at 2nd, 5-4 (Groundball, 56, EV 97.5 MPH)
|
| Top of the 4th over - 1 run, 1 hit, 0 errors, 3 left on base; Watertown 10 - Huron 2 |
| BOTTOM OF THE 4TH |
|
Huron Cubs batting - Pitching for Watertown Bucks : LHP Kenneth Likewise
|
|
Batting: RHB Ray Ortega
|
0-0: Ball 1-0: Ball 2-0: Called Strike 2-1: Ground out 5-3 (Groundball, 5S, EV 69.4 MPH)
|
|
Batting: SHB Keith Smith
|
0-0: Called Strike 0-1: SINGLE (Groundball, 6MD, EV 106.3 MPH)
|
|
Batting: RHB Scot Holliday
|
0-0: Foul Ball, location: 2F 0-1: Called Strike 0-2: Ball Keith Smith steals 2nd base (no throw) 1-2: Fly out, F8 (Flyball, 78D, EV 102.5 MPH)
|
|
Batting: LHB Gary Varsho
|
0-0: Called Strike 0-1: Ball 1-1: Ball 2-1: Ball 3-1: Base on Balls
|
|
Batting: RHB Greg Zunino
|
0-0: Swinging Strike 0-1: Called Strike 0-2: Foul Ball, location: 2F 0-2: Ball 1-2: Strikes out swinging
|
| Bottom of the 4th over - 0 runs, 1 hit, 0 errors, 2 left on base; Watertown 10 - Huron 2 |
| TOP OF THE 5TH |
|
Watertown Bucks batting - Pitching for Huron Cubs : RHP Jose Lopez
|
|
Batting: SHB Luis Rivera
|
0-0: Ball 1-0: Ball 2-0: Called Strike 2-1: Ball 3-1: Ground out 6-3 (Groundball, 6S, EV 82.5 MPH)
|
|
Pitching: RHP Rich Carlucci
|
|
|
Batting: RHB Robert Tanzi
|
0-0: Called Strike 0-1: Ball 1-1: Fly out, F7 (Line Drive, 7D, EV 85.6 MPH)
|
|
Batting: LHB Bryan Neal
|
0-0: Called Strike 0-1: Ball 1-1: Swinging Strike 1-2: Ball 2-2: Ball 3-2: Strikes out swinging
|
| Top of the 5th over - 0 runs, 0 hits, 0 errors, 0 left on base; Watertown 10 - Huron 2 |
| BOTTOM OF THE 5TH |
|
Huron Cubs batting - Pitching for Watertown Bucks : LHP Kenneth Likewise
|
|
Pitching: RHP Francis McQuade
|
|
|
Batting: RHB Mark Carreon
|
0-0: Ball 1-0: Swinging Strike 1-1: Ball 2-1: Ball 3-1: DOUBLE (Line Drive, 7LS, EV 100.0 MPH)
|
|
Batting: RHB John Alvarez
|
0-0: Ball 1-0: Ball 2-0: Ball 3-0: Base on Balls
|
|
Batting: LHB Willis Gonzalez
|
0-0: Ball 1-0: Ball 2-0: Ball 3-0: Called Strike 3-1: Ground out 6-3 (Groundball, P, EV 90.0 MPH) Mark Carreon to third John Alvarez to second
|
|
Batting: RHB Mike Stellern
|
0-0: Foul Ball, location: 2F 0-1: SINGLE (Groundball, 56D, EV 102.5 MPH) Mark Carreon scores John Alvarez to third
|
|
Batting: RHB Ray Ortega
|
0-0: Ball 1-0: Ball 2-0: Swinging Strike 2-1: Grounds into double play, 5-4-3 (Groundball, 56, EV 85.0 MPH)
|
| Bottom of the 5th over - 1 run, 2 hits, 0 errors, 1 left on base; Watertown 10 - Huron 3 |
| TOP OF THE 6TH |
|
Watertown Bucks batting - Pitching for Huron Cubs : RHP Rich Carlucci
|
|
Batting: RHB Richard Plautz
|
0-0: Foul Ball, location: 2F 0-1: Ball 1-1: Fly out, F8 (Flyball, 78D, EV 86.3 MPH)
|
|
Batting: LHB Greg Guin
|
0-0: Ball 1-0: Fly out, F8 (Flyball, 8RD, EV 76.9 MPH)
|
|
Batting: RHB Eugene Cattane
|
0-0: Ball 1-0: Ball 2-0: Ground out 1-3 (Groundball, 34S, EV 71.3 MPH)
|
| Top of the 6th over - 0 runs, 0 hits, 0 errors, 0 left on base; Watertown 10 - Huron 3 |
| BOTTOM OF THE 6TH |
|
Huron Cubs batting - Pitching for Watertown Bucks : RHP Francis McQuade
|
|
Batting: SHB Keith Smith
|
0-0: Ball 1-0: Called Strike 1-1: Called Strike 1-2: Ground out 5-3 (Groundball, 56S, EV 74.4 MPH)
|
|
Batting: RHB Scot Holliday
|
0-0: Ball 1-0: Fly out, F2 (Popup, 2RF, EV 93.8 MPH)
|
|
Batting: LHB Gary Varsho
|
0-0: Foul Ball, location: 2F 0-1: Ball 1-1: Called Strike 1-2: Ball 2-2: Fly out, F8 (Flyball, 78D, EV 88.8 MPH)
|
| Bottom of the 6th over - 0 runs, 0 hits, 0 errors, 0 left on base; Watertown 10 - Huron 3 |
| TOP OF THE 7TH |
|
Watertown Bucks batting - Pitching for Huron Cubs : RHP Rich Carlucci
|
|
Batting: LHB Manuel Vigil
|
0-0: Ball 1-0: Foul Ball, location: 2F 1-1: Ground out U3 (Groundball, 3L, EV 82.5 MPH)
|
|
Batting: RHB Sebastiano Borriello
|
0-0: Called Strike 0-1: Swinging Strike 0-2: Ball 1-2: Ground out 6-3 (Groundball, 6, EV 105.6 MPH)
|
|
Pinch Hitting: RHB Mark Seeger
|
0-0: Fly out, F9 (Line Drive, 9, EV 101.3 MPH)
|
| Top of the 7th over - 0 runs, 0 hits, 0 errors, 0 left on base; Watertown 10 - Huron 3 |
| BOTTOM OF THE 7TH |
|
Huron Cubs batting - Pitching for Watertown Bucks : RHP Francis McQuade
|
|
Now at 2B: Mark Seeger
|
|
|
Batting: RHB Greg Zunino
|
0-0: Ball 1-0: Called Strike 1-1: Ball 2-1: SINGLE (Line Drive, 9S, EV 108.8 MPH)
|
|
Batting: RHB Mark Carreon
|
0-0: SINGLE (Line Drive, 7S, EV 101.9 MPH) Greg Zunino to second
|
|
Batting: RHB John Alvarez
|
0-0: Called Strike 0-1: Called Strike 0-2: Ball 1-2: Fly out, F1 (Line Drive, P, EV 70.0 MPH)
|
|
Pinch Hitting: RHB Tony Johnson
|
0-0: Fielders Choice at 2nd, 6-4 (Groundball, 6, EV 100.0 MPH) Greg Zunino to third
|
|
Batting: RHB Mike Stellern
|
0-0: Ball 1-0: Ground out 2-3 (Groundball, 2R, EV 71.9 MPH)
|
| Bottom of the 7th over - 0 runs, 2 hits, 0 errors, 2 left on base; Watertown 10 - Huron 3 |
| TOP OF THE 8TH |
|
Watertown Bucks batting - Pitching for Huron Cubs : RHP Rich Carlucci
|
|
Now in RF: Tony Johnson
|
|
|
Pinch Hitting: RHB Gregory Dikos
|
0-0: Ball 1-0: Foul Ball, location: 2F 1-1: Called Strike 1-2: Ball 2-2: Ball 3-2: Foul Ball, location: 2F 3-2: Strikes out looking
|
|
Batting: RHB Robert Tanzi
|
0-0: Ball 1-0: Called Strike 1-1: Called Strike 1-2: Strikes out swinging
|
|
Batting: LHB Bryan Neal
|
0-0: Called Strike 0-1: Foul Ball, location: 2F 0-2: Strikes out swinging
|
| Top of the 8th over - 0 runs, 0 hits, 0 errors, 0 left on base; Watertown 10 - Huron 3 |
| BOTTOM OF THE 8TH |
|
Huron Cubs batting - Pitching for Watertown Bucks : RHP Francis McQuade
|
|
Now at SS: Marvin Clack
|
|
|
Batting: RHB Ray Ortega
|
0-0: Ball 1-0: Ball 2-0: Swinging Strike 2-1: Foul Ball, location: 2F 2-2: Ground out 6-3 (Groundball, P, EV 77.5 MPH)
|
|
Pinch Hitting: RHB Sean Toerner
|
0-0: Called Strike 0-1: Ground out U3 (Groundball, 3, EV 108.1 MPH)
|
|
Batting: RHB Scot Holliday
|
0-0: Foul Ball, location: 2F 0-1: Fly out, F8 (Flyball, 8LXD, EV 100.6 MPH)
|
| Bottom of the 8th over - 0 runs, 0 hits, 0 errors, 0 left on base; Watertown 10 - Huron 3 |
| TOP OF THE 9TH |
|
Watertown Bucks batting - Pitching for Huron Cubs : RHP Rich Carlucci
|
|
Now at SS: Sean Toerner
|
|
|
Pinch Hitting: RHB David DaCosta
|
0-0: Ball 1-0: Foul Ball, location: 2F 1-1: Called Strike 1-2: Foul Ball, location: 2F 1-2: Foul Ball, location: 2F 1-2: Ball 2-2: Strikes out swinging
|
|
Pitching: RHP Alex Samano
|
|
|
Batting: LHB Greg Guin
|
0-0: Called Strike 0-1: Ball 1-1: TRIPLE (Flyball, 78XD, EV 98.8 MPH)
|
|
Batting: RHB Eugene Cattane
|
0-0: Ground out 4-3 (Groundball, 4, EV 80.0 MPH) Greg Guin scores
|
|
Batting: LHB Manuel Vigil
|
0-0: DOUBLE (Flyball, 8RD, EV 98.8 MPH)
|
|
Batting: RHB Sebastiano Borriello
|
0-0: Ball 1-0: Foul Ball, location: 2F 1-1: Ball 2-1: Ground out 4-3 (Groundball, 4M, EV 81.3 MPH)
|
| Top of the 9th over - 1 run, 2 hits, 0 errors, 1 left on base; Watertown 11 - Huron 3 |
| BOTTOM OF THE 9TH |
|
Huron Cubs batting - Pitching for Watertown Bucks : RHP Francis McQuade
|
|
Now in LF: David DaCosta
|
|
|
Batting: LHB Gary Varsho
|
0-0: Ball 1-0: Called Strike 1-1: Ball 2-1: Swinging Strike 2-2: Foul Ball, location: 2F 2-2: Fly out, F8 (Flyball, 89XD, EV 101.9 MPH)
|
|
Batting: RHB Greg Zunino
|
0-0: Ball 1-0: Ball 2-0: Fly out, F8 (Flyball, 8LS, EV 93.1 MPH)
|
|
Batting: RHB Mark Carreon
|
0-0: SINGLE (Line Drive, 8RS, EV 95.6 MPH)
|
|
Batting: RHB John Alvarez
|
0-0: Ball 1-0: Ball 2-0: SINGLE (Flyball, 78S, EV 93.1 MPH) Mark Carreon to second
|
|
Batting: RHB Tony Johnson
|
0-0: Swinging Strike 0-1: Ball 1-1: Foul Ball, location: 2F 1-2: Ball Wild Pitch! Mark Carreon to third John Alvarez to second 2-2: Ball 3-2: Foul Ball, location: 2F 3-2: Foul Ball, location: 2F 3-2: Reached on error, E5 (Groundball, 56S, EV 82.5 MPH) Mark Carreon scores John Alvarez to third
|
|
Batting: RHB Mike Stellern
|
0-0: Ball 1-0: 3-RUN HOME RUN (Flyball, 78XD, EV 100.6 MPH), Distance : 420 ft
|
|
Pitching: RHP Randy Graham
|
|
|
Batting: RHB Ray Ortega
|
0-0: Ball 1-0: Ball 2-0: Ball 3-0: Called Strike 3-1: SINGLE (Groundball, 56D, EV 101.3 MPH)
|
|
Batting: RHB Sean Toerner
|
0-0: Called Strike 0-1: Called Strike 0-2: Ball 1-2: Fly out, F7 (Flyball, 7S, EV 85.0 MPH)
|
| Bottom of the 9th over - 4 runs, 4 hits, 1 error, 1 left on base; Watertown 11 - Huron 7 |
|